 Dungeon Sprint DCSS version 0.24-a0-217-g1152973 (webtiles) character file.

Game seed: 1510255147461119148

4910 TheOrbIsALie the Grappler (level 10, -9/70 HPs)
             Began as a Gargoyle Transmuter on Mar 29, 2019.
             Was a High Priest of Okawaru.
             Mangled by an ice devil (21 damage)
             ... summoned by an orc sorcerer
             ... in the Dungeon (Sprint VII: "The Pits").
             The game lasted 00:05:59 (1343 turns).

TheOrbIsALie the Grappler (Gargoyle Transmuter)     Turns: 1343, Time: 00:05:59

Health: -9/70      AC: 21    Str: 16    XL:     10   Next: 51%
Magic:  14/16      EV: 18    Int: 14    God:    Okawaru [*****.]
Gold:   0          SH:  0    Dex: 11    Spells: 16/17 levels left

rFire    . . .     SeeInvis .     - Unarmed
rCold    . . .     Gourm    .   (no shield)
rNeg     + . .     Faith    .   o - +3 ring mail
rPois    ∞         Spirit   .   (no helmet)
rElec    +         Reflect  .   (no cloak)
rCorr    .         Harm     .   (no gloves)
MR       .....     NoTele   +   t - +0 pair of boots
Stlth    +++.......             (no amulet)
HPRegen  0.21/turn              (no ring)
MPRegen  0.15/turn              (no ring)

@: heroism
A: negative energy resistance 1, electricity resistance, unbreathing,
petrification resistance, rot immunity, AC +7
a: Heroism, Finesse, Renounce Religion


You were in the Dungeon.
You worshipped Okawaru.
Okawaru was extremely pleased with you.
You were not hungry.

You visited 1 branch

Inventory:

Missiles
 a - 25 arrows
 v - 19 javelins (quivered)
Armour
 b - a +0 robe
 o - a +3 ring mail (worn)
 t - a +0 pair of boots (worn)
 u - a +0 helmet
Jewellery
 p - a +3 ring of intelligence
 q - a +3 ring of dexterity
Scrolls
 j - a scroll of blinking
 l - 3 scrolls of remove curse
 m - 5 scrolls of amnesia
 n - a scroll of summoning
Potions
 e - 6 potions of curing
 f - 3 potions of heal wounds
 g - 3 potions of haste
 h - 4 potions of magic
 i - 3 potions of berserk rage
 k - 2 potions of invisibility
 r - 2 potions of resistance
 s - 2 potions of mutation
Comestibles
 c - 6 chunks of flesh
 d - 9 rations


   Skills:
 - Level 11.4(16.4) Fighting
 + Level 12.6(17.6) Armour
 - Level 10.4(15.4) Dodging
 - Level 1.9(6.9) Stealth
 - Level 13.2(18.2) Unarmed Combat
 - Level 4.3 Spellcasting
 - Level 3.5 Transmutations


You had 16 spell levels left.
You knew the following spells:

 Your Spells              Type           Power        Failure   Level  Hunger
a - Beastly Appendage     Tmut           ##....       6%          1    None

Your spell library contained the following spells:

 Spells                   Type           Power        Failure   Level  Hunger
 Sticks to Snakes         Tmut           ##......     10%         2    ##.....
 Spider Form              Tmut/Pois      #.........   36%         3    ###....
 Ice Form                 Ice/Tmut       #.......     78%         4    ####...
 Blade Hands              Tmut           ##........   87%         5    ######.


Dungeon Overview and Level Annotations

Branches:
Dungeon (1/1)

Altars:
Ashenzari
Cheibriados
Dithmenos
Elyvilon
Fedhas
Gozag
Hepliaklqana
Kikubaaqudgha
Makhleb
Nemelex Xobeh
Okawaru
Qazlal
Ru
Sif Muna
Trog
Uskayaw
Vehumet
Wu Jian
Xom
Yredelemnul
Zin
The Shining One
Beogh
Jiyva
Lugonu


Innate Abilities, Weirdness & Mutations

You are resistant to torment.
Your stone body is resilient. (AC +7)
You are immune to poison.
You resist negative energy. (rN+)
You are resistant to electric shocks. (rElec)
You can survive without breathing.
You are immune to petrification.
You are immune to rotting.


Message History

You gain the combat prowess of a mighty hero.
The flying skull barely misses you. The chaos spawn gores you.
The chaos spawn freezes you!
You pummel the flying skull!!
You destroy the flying skull!
Okawaru accepts your kill.
You pummel the redback!! You punch the redback!
You kill the redback!
Okawaru accepts your kill. The chaos spawn gores you!
* * * LOW HITPOINT WARNING * * *
The chaos spawn shocks you. You resist.
* * * LOW HITPOINT WARNING * * *
You punch the ice devil!
The ice devil is moderately wounded.
You closely miss the chaos spawn. The chaos spawn misses you.
The ice devil hits you.
* * * LOW HITPOINT WARNING * * *
The ice devil freezes you!!
You die...

....##''##### ##
....##......# ...
....##..)...# ....
<...###....## ####...##
....# ##)'## ###..'...'
....###....###....# '##
....##......#....##...##.
######......)....+.....'k
######...)))#...@##...##.
...[###.).)###.†44# '##
...[# ##''## ###..o...s..
..))###.÷[)## ####...###
..))##......# .....#
..))##......# .....
############# #####


You could see an ice devil, a chaos spawn and an orc sorcerer.

Vanquished Creatures
  A minotaur (D)
  A sea snake (D)
  A deep elf mage (D)
  A gargoyle (D)
  An efreet (D)
  A hellwing (D)
  A jumping spider (D)
  A hornet (D)
  A tyrant leech (D)
  A snapping turtle (D)
  2 flying skulls (D)
  A redback (D)
  2 floating eyes (D)
  A water moccasin (D)
  2 ice beasts (D)
  A black bear (D)
  A centaur (D)
  2 bullfrogs (D)
  A gnoll sergeant (D)
  A scorpion (D)
  A quasit (D)
  An iron imp (D)
  A jelly (D)
  A worker ant (D)
  An adder (D)
  4 gnolls (D)
  A bat skeleton (D)
  A bat zombie (D)
  A giant cockroach (D)
  3 quokkas (D)
  2 ball pythons (D)
  A frilled lizard (D)
  A giant cockroach zombie (D)
  2 kobolds (D)
45 creatures vanquished.

Notes
Turn   | Place    | Note
-------+----------+-------------------------------------------
     0 | D        | TheOrbIsALie the Gargoyle Transmuter began the quest for
                  | the Orb.
     0 | D        | Reached XP level 1. HP: 12/12 MP: 3/3
    20 | D        | Found a bloodstained altar of Trog.
    20 | D        | Found a deep blue altar of Sif Muna.
    20 | D        | Found a viscous altar of Jiyva.
    20 | D        | Found a hazy altar of Hepliaklqana.
    20 | D        | Found an opulent altar of Gozag.
    21 | D        | Found a glowing golden altar of the Shining One.
    21 | D        | Found a glowing silver altar of Zin.
    21 | D        | Found a basalt altar of Yredelemnul.
    21 | D        | Found a shimmering altar of Xom.
    21 | D        | Found an ornate altar of the Wu Jian Council.
    21 | D        | Found a sacrificial altar of Ru.
    21 | D        | Found a stormy altar of Qazlal.
    21 | D        | Found an iron altar of Okawaru.
    21 | D        | Found a sparkling altar of Nemelex Xobeh.
    21 | D        | Found a burning altar of Makhleb.
    21 | D        | Found a blossoming altar of Fedhas.
    21 | D        | Found a white marble altar of Elyvilon.
    21 | D        | Found a shadowy altar of Dithmenos.
    21 | D        | Found a snail-covered altar of Cheibriados.
    24 | D        | Found a corrupted altar of Lugonu.
    24 | D        | Found a radiant altar of Vehumet.
    24 | D        | Found a roughly hewn altar of Beogh.
    25 | D        | Found an ancient bone altar of Kikubaaqudgha.
    25 | D        | Found a hide-covered altar of Uskayaw.
    25 | D        | Found a shattered altar of Ashenzari.
    32 | D        | Became a worshipper of Warmaster Okawaru
   239 | D        | Noticed a worker ant
   240 | D        | Noticed a floating eye
   240 | D        | Noticed a bullfrog
   243 | D        | Paralysed by a floating eye for 2 turns
   247 | D        | Killed a floating eye
   247 | D        | Reached * piety under Okawaru
   247 | D        | Reached ** piety under Okawaru
   247 | D        | Reached skill level 1 in Stealth
   247 | D        | Reached skill level 6 in Unarmed Combat
   247 | D        | Reached XP level 2. HP: 16/16 MP: 4/7
   247 | D        | Reached XP level 3. HP: 20/20 MP: 4/8
   247 | D        | Reached XP level 4. HP: 25/25 MP: 5/10
   259 | D        | Reached skill level 7 in Unarmed Combat
   259 | D        | Reached XP level 5. HP: 29/29 MP: 6/11
   268 | D        | Reached skill level 9 in Unarmed Combat
   345 | D        | Noticed a flying skull
   377 | D        | Killed a flying skull
   377 | D        | Reached skill level 12 in Unarmed Combat
   377 | D        | Reached XP level 6. HP: 21/34 MP: 12/12
   424 | D        | Noticed an ice beast
   629 | D        | Killed an ice beast
   629 | D        | Reached *** piety under Okawaru
   629 | D        | Reached skill level 13 in Unarmed Combat
   629 | D        | Reached XP level 7. HP: 38/38 MP: 11/13
   676 | D        | Reached XP level 8. HP: 56/56 MP: 9/14
   688 | D        | Noticed a deep elf mage
   688 | D        | Noticed a gargoyle
   703 | D        | Killed a gargoyle
   703 | D        | Reached **** piety under Okawaru
   708 | D        | Killed a deep elf mage
   824 | D        | Noticed a tyrant leech
   836 | D        | Killed a tyrant leech
   836 | D        | Reached XP level 9. HP: 50/64 MP: 12/15
   837 | D        | Noticed a sea snake
   856 | D        | Killed a sea snake
   856 | D        | Reached ***** piety under Okawaru
   860 | D        | Noticed a hornet
   877 | D        | Killed a hornet
   877 | D        | Reached skill level 10 in Dodging
   996 | D        | Noticed a minotaur
   996 | D        | Noticed a jumping spider
  1018 | D        | HP: 1/64 [minotaur (8)]
  1020 | D        | Killed a minotaur
  1020 | D        | Received a gift from Okawaru
  1020 | D        | Reached XP level 10. HP: 16/70 MP: 14/16
  1174 | D        | Reached skill level 10 in Armour
  1218 | D        | Noticed a lindwurm
  1331 | D        | Noticed an orc sorcerer
  1343 | D        | Mangled by an ice devil

Levels and vault maps discovered:
D:        pitsprint [storerooms_1, entrance_room_1, metal_vault_2, armoury_1,
          mini_pit_1, grid_room_1, main_hall_1, silver_pit, the_coven_1,
          the_vestibule_1, steel_vault_1, golden_pit, hallway_of_sentries,
          crystal_vault_1, iron_vault_5, final_vault]

Skill      XL: |  1  2  3  4  5  6  7  8  9 10 |
---------------+-------------------------------+-----
Dodging        | 2 7 10 | 10.4
Stealth        | 1 |  1.9
Unarmed Combat | 6 7 12 13 | 13.2
Spellcasting   | 4 |  4.3
Transmutations | 3 |  3.5
Fighting       | 8 11 | 11.4
Armour         | 8 12 | 12.6

Action                   |  1- 3 |  4- 6 |  7- 9 | 10-12 || total
-------------------------+-------+-------+-------+-------++-------
Melee: Unarmed           |    14 |    57 |    80 |    42 ||   193
       Headbutt          |     1 |     3 |     9 |     3 ||    16
       Kick              |     1 |     4 |       |       ||     5
       Punch             |       |     3 |     3 |     4 ||    10
Throw: Javelin           |       |       |       |     4 ||     4
 Cast: Beastly Appendage |     4 |     3 |     8 |     2 ||    17
Invok: Heroism           |       |     1 |     6 |     6 ||    13
  Use: Potion            |       |     2 |     7 |       ||     9
 Stab: Sleeping          |     1 |       |       |       ||     1
       Distracted        |       |       |       |     1 ||     1
  Eat: Chunk             |       |       |       |     2 ||     2
Armor: Robe              |     3 |     4 |       |       ||     7
       Ring mail         |       |    17 |    35 |    19 ||    71
Dodge: Dodged            |     6 |    25 |    49 |    25 ||   105

Table legend:
 A = Non-vault XP
 B = Vault XP
 C = Vault XP percentage of total XP
 D = Non-vault monster count
 E = Vault monster count
 F = Vault count percentage of total count
                 A         B        C        D         E       F
            +---------+---------+-------+---------+---------+-------
      Total |       0 |    7015 | 100.0 |       0 |      45 | 100.0
            +---------+---------+-------+---------+---------+-------
          D |       0 |    7015 | 100.0 |       0 |      45 | 100.0
            +---------+---------+-------+---------+---------+-------
